Rayston, chaotic female orcish Barbarian ------------ |..........| #.....*....<| #-----|-.---- # # ## + # # # #### % ###### @ # # # #a# # ## ###### # d # -.------######### ------|-# |......| # ----.--|----- |......|# |......|## |...........| |.----.|# |......| |...........| |.| |.|# |...*...####-...........| |.----..# -------- -----|------- |..>...| # -------- Rayston the Pillager Experience level: 4 Strength: 18/02 Dexterity: 15 Constitution: 19 Intelligence: 7 Wisdom: 11 Charisma: 6 Health: 0(39) Energy: 9(9) Def: 2 Gold: 182 Moves: 1549 Dungeon seed: EOfCjRTtYWrAOD0q Game ID: Rayston_1500341305 Your Inventory: Coins $ - 182 gold pieces Weapons a - an uncursed +0 two-handed sword (alternate weapon; not wielded) b - an uncursed +0 axe (weapon in hand) C - an uncursed +1 flail Armor e - an uncursed +0 orcish ring mail (being worn) Comestibles c - 2 uncursed food rations Scrolls B - an uncursed scroll of scare monster E - an uncursed scroll of identify Wands D - an uncursed wand of enlightenment (0:11) Spells and supernatural/magical abilities: Name Level Category Fail Memory W - pray for help -- divine ? -- Your skills at the end: Miscellaneous Skills bare handed combat [Basic] stealth [Basic] Weapon Skills axe [Basic] two-handed sword [Basic] Spellcasting Skills Final Attributes: You were piously aligned. You were poison resistant. You had infravision. You were very stealthy. You are dead. Vanquished creatures: 2 giant ants 2 giant bats 3 coyotes a large kobold 3 geckos a cave spider 2 brown molds a yellow mold 5 jackals a kobold 8 newts 4 sewer rats 2 lichens a kobold zombie 36 creatures vanquished. Voluntary challenges: You did not adorn yourself with jewelry or accessories. You did not cause conflict. You were not invisible. You did not have reflection. You were not displaced. You were an atheist. You used a wielded weapon 42 times, starting on turn 21. You did not use tools. You did not use plumbed fixtures. You did not drink any magical draughts. You were illiterate. You never genocided any monsters. You never polymorphed an object. You never changed form. You used no wishes. You never split a pudding. You never wrote Elbereth's name. You never violated your personal moral code. Dungeon overview: The Dungeons of Doom: levels 1 to 6 Level 1 a fountain a long staircase Level 2 Level 3 Level 4 a potion shop, a fountain Level 5 a fountain Level 6 <- You were here History has recorded: On T:1 you entered the Dungeons of Doom to retrieve the Amulet of Yendor! On T:228 you reached level 2 of The Dungeons of Doom. On T:355 you advanced to experience level 2. On T:425 you reached level 3 of The Dungeons of Doom. On T:656 you reached level 4 of The Dungeons of Doom. On T:925 you reached level 5 of The Dungeons of Doom. On T:1011 you advanced to experience level 3. On T:1390 you reached level 6 of The Dungeons of Doom. On T:1446 you advanced to experience level 4. Score breakdown: Gold: 182 ( 18 points) Experience: 4 levels ( 300 points) Exploration: 6 levels ( 150 points) Discoveries: 3 items ( 150 points) Variety of kills: 14 monsters ( 700 points) Major goal: (nothing yet) ( 0 points) Survival: died (score multiplied by 3) Total score: 3954 Latest messages: Spike misses the giant ant. (2x) You kill the giant ant! Spike misses the giant ant. The giant ant bites! You kill the giant ant! Welcome to experience level 4. Spike eats a giant ant corpse. You displace Spike. You stop exploring. You displace Spike. The giant bat bites! (2x) You smite the giant bat! The giant bat bites! (2x) You smite the giant bat. The giant bat bites! (2x) You kill the giant bat! You displace Spike. The door opens. This door is locked. You displace Spike. You smite the giant beetle! (2x) The giant beetle bites! You smite the giant beetle! (2x) The giant beetle bites! You die... Final status: Goodbye Rayston the Barbarian, killed by a giant beetle... You died in The Dungeons of Doom on dungeon level 6 with 3954 points, and 182 pieces of gold, after 1549 moves. You were level 4 with a maximum of 39 hit points when you died.